 Dungeon Crawl Stone Soup version 0.27.1-2-g3b301248ec (webtiles) character file.

Game seed: 15607064421755125011

40749 CmdrRubz the Basher (level 13, 0/119 HPs)
             Began as a Minotaur Berserker on Sept 15, 2021.
             Was a High Priest of Trog.
             Slain by a death yak (7 damage)
             ... on level 6 of the Lair of Beasts on Sept 22, 2021.
             The game lasted 01:04:24 (14494 turns).

CmdrRubz the Basher (Minotaur Berserker)           Turns: 14494, Time: 01:04:27

Health: 0/119      AC: 30    Str: 30    XL:     13   Next: 76%
Magic:  12/12      EV: 12    Int:  8    God:    Trog [*****.]
Gold:   733        SH:  7    Dex: 11    Spells: 12/12 levels left

rFire    . . .     SeeInvis .   Y - +4 mace "Gianomp" {flame, rCorr}
rCold    + + .     Faith    .   C - +1 buckler of Togoudih {rCorr Int+6 Dex-4}
rNeg     . . .     Spirit   .   G - +8 plate armour of Negligence {rC+ Regen+}
rPois    .         Reflect  .   (helmet restricted)
rElec    .         Harm     .   (no cloak)
rCorr    +         Rampage  .   S - +1 pair of gloves {Dex+3}
Will     .....                  (no boots)
Stlth    ..........             u - amulet "Ucry" {RegenMP rC+ Str+3 Int-2 Dex+2}
HPRegen  1.29/turn              b - +4 ring of protection
MPRegen  0.38/turn              (no ring)

@: on berserk cooldown, slowed, very slow
A: horns 2, retaliatory headbutt
a: Renounce Religion, Berserk, Trog's Hand, Brothers in Arms


You were on level 6 of the Lair of Beasts.
You worshipped Trog.
Trog was extremely pleased with you.
You visited 3 branches of the dungeon, and saw 16 of its levels.
You also visited: Ossuary.

You collected 843 gold pieces.
You spent 110 gold pieces at shops.

Inventory:

Hand Weapons
 a - a +0 hand axe
 m - a +0 hand axe
 s - a +5 morningstar of freezing
 B - a +5 dire flail of protection
 K - a +0 war axe
 W - a +0 hand axe
 Y - the +4 mace "Gianomp" (weapon) {flame, rCorr}
   (Trog gifted it to you on level 3 of the Lair of Beasts)

   It burns those it strikes, dealing additional fire damage.
   rCorr:     It protects you from acid and corrosion.
 Z - a +1 short sword
Missiles
 n - 5 boomerangs (quivered)
 D - 3 throwing nets
Armour
 g - a +0 scale mail
 z - +0 steam dragon scales
 C - the +1 buckler of Togoudih (worn) {rCorr Int+6 Dex-4}
   (You found it on level 6 of the Dungeon)

   Int:       It affects your intelligence (+6).
   Dex:       It affects your dexterity (-4).
   rCorr:     It protects you from acid and corrosion.
 G - the +8 plate armour of Negligence (worn) {rC+ Regen+}
   (You found it on level 7 of the Dungeon)

   rC:        It protects you from cold.
   Regen:     It increases your rate of health regeneration.
 S - a +1 pair of gloves of dexterity (worn)
 T - the +1 ring mail of Existentialism {rPois rCorr Dex+4}
   (You found it on level 9 of the Dungeon)

   Dex:       It affects your dexterity (+4).
   rPois:     It protects you from poison.
   rCorr:     It protects you from acid and corrosion.
Jewellery
 b - a +4 ring of protection (left hand)
 h - a ring of flight
 u - the amulet "Ucry" (around neck) {RegenMP rC+ Str+3 Int-2 Dex+2}
   (You found it on level 5 of the Dungeon)

   [amulet of magic regeneration]

   It increases your rate of magic regeneration.
   Str:       It affects your strength (+3).
   Int:       It affects your intelligence (-2).
   Dex:       It affects your dexterity (+2).
   rC:        It protects you from cold.
 F - an amulet of magic regeneration
 H - a ring of see invisible
 V - a +6 ring of strength
Wands
 w - a wand of iceblast (47)
 y - a wand of charming (10)
 I - a wand of flame (49)
 M - a wand of acid (17)
Scrolls
 c - 3 scrolls of vulnerability
 e - 4 scrolls of teleportation {unknown}
 f - 7 scrolls of identify
 i - 2 scrolls of blinking {unknown}
 j - 3 scrolls of immolation {unknown}
 k - a scroll of acquirement {unknown}
 p - 2 scrolls of fear {unknown}
 q - 3 scrolls of noise {unknown}
 r - 3 scrolls of enchant armour {unknown}
 v - 2 scrolls of silence {unknown}
 A - 2 scrolls of holy word {unknown}
 E - 5 scrolls of fog
 J - 3 scrolls of magic mapping {unknown}
 L - 3 scrolls of enchant weapon {unknown}
 O - a scroll of torment
 Q - a scroll of brand weapon {unknown}
 R - 2 scrolls of amnesia {unknown}
Potions
 d - 3 potions of curing
 l - 2 potions of berserk rage {unknown}
 o - a potion of degeneration {unknown}
 t - a potion of might {unknown}
 x - a potion of lignification {unknown}
 N - a potion of heal wounds
 P - 2 potions of resistance {unknown}
 U - a potion of experience {unknown}
 X - a potion of mutation {unknown}


   Skills:
 + Level 12.5 Fighting
 - Level 7.8(11.9) Axes
 * Level 14.0(14.7) Maces & Flails
 + Level 4.6 Throwing
 + Level 12.3 Armour
 + Level 11.3 Dodging
 - Level 0.2 Stealth
 + Level 9.9 Shields


You had 12 spell levels left.
You didn't know any spells.
Your spell library was empty.

Dungeon Overview and Level Annotations

Branches:
Dungeon (9/15)             Temple (0/1) D:7            Lair (6/6) D:9
 Shoals (1/4) Lair:2        Snake (0/4) Lair:3        Slime (0/5) Lair:6
Ossuary (visited)
    Orc: D:9-12

Altars:
Cheibriados
Dithmenos
Fedhas
Gozag
Nemelex Xobeh
Okawaru
Sif Muna
Vehumet
Wu Jian
Xom
Yredelemnul
The Shining One
Beogh

Shops:
D:8 !


Innate Abilities, Weirdness & Mutations

You have a pair of horns on your head.
You reflexively headbutt those who attack you in melee.


Message History

The fire dragon tramples you but does no damage.
A yak comes into view.
A death yak comes into view.
Okay, then.
As you read the scroll labelled LISOEM ZECLOF, it crumbles to dust.
Your body is wracked with pain!
* * * LOW HITPOINT WARNING * * *
The fire dragon convulses!
The death yak convulses! x2
The steam dragon convulses!
The death yak convulses!
The yak convulses! x2
The death yak convulses!
The death yak bellows!
The yak convulses!
It was a scroll of torment.
You hear an angry hiss.
A water moccasin comes into view.
The death yak barely misses you. You furiously retaliate!
You headbutt the death yak.
The wall burns the yak!
The steam dragon bites you but does no damage.
The steam dragon claws you but does no damage.
The death yak closely misses you. The fire dragon breathes flames at you.
The blast of flame misses you.
As you read the scroll of fog, it crumbles to dust.
The scroll dissolves into smoke.
The wall burns the water moccasin!
The death yak gores you but does no damage.
The steam dragon bites you but does no damage.
You block the steam dragon's attack. The death yak gores you!!
* * * LOW HITPOINT WARNING * * *
The fire dragon bites you but does no damage.
The fire dragon claws you but does no damage.
You block the fire dragon's attack.
A wyvern comes into view.
The wall burns the water moccasin!
The wall burns the death yak!
The death yak barely misses you. You furiously retaliate!
You headbutt the death yak, but do no damage.
The wall burns the yak!
The steam dragon bites you.
* * * LOW HITPOINT WARNING * * *
The steam dragon claws you but does no damage.
The death yak gores you but does no damage.
The death yak gores you!
You die...

................
................ ..
...........#.P# ...
##..........##### ....
##..##..P#####.# #....
#....##..####.#.# #.....
.....#........§.##......
.....#........§D§§......
...P......†.†[§D@§§.....
PP#.P#....[...#YYY..##..
#####..##.§##.Y.Y###
#...#†[###......# .
#.k..D.........S#Y.D
#..............YYY..
#....(.......>..#....
#..................l##
#≈........#.....#.#..#


You could see a fire dragon (catching breath), 4 death yaks, 4 yaks, a steam
dragon, a water moccasin and a wyvern (wandering).

Vanquished Creatures
  4 hydras
  A death yak (Lair:6)
  The ghost of ChodeyFoster420 the Cleaver, a novice MiBe of Trog (D:9)
  A lindwurm (Lair:6)
  An eye of devastation (Lair:6)
  15 elephants
  4 black mambas
  A torpor snail (Lair:6)
  8 cane toads
  6 komodo dragons
  10 rime drakes
  A polar bear (Lair:4)
  A hornet (D:7)
  25 blink frogs
  5 dream sheep (Lair:4)
  A shadow (D:9)
  30 yaks
  2 wyverns
  2 basilisks
  11 steam dragons
  6 nagas (Lair:3)
  A warg (D:9)
  A floating eye (Lair:6)
  3 orc warriors (D:9)
  14 water moccasins
  4 black bears
  3 sky beasts
  2 necrophages (D:5)
  2 ice beasts (D:5)
  11 wolves
  4 ogres
  6 centaurs
  The ghost of nxtlvl the Cutter, an amateur DEMo (D:3)
  3 kobold brigands
  17 bullfrogs
  Blork the orc (D:6)
  2 scorpions
  A wyvern zombie (D:7)
  7 killer bees (D:8)
  5 wights
  An electric eel (Lair:1)
  4 howler monkeys
  An iron imp (D:7)
  A gnoll shaman (D:8)
  4 orc priests
  2 bullfrog skeletons
  2 centaur skeletons
  4 hounds
  An iguana (D:4)
  9 orc wizards
  A killer bee zombie (D:7)
  14 mummies (Ossuary)
  11 adders
  2 white imps
  An ufetubus (D:4)
  An adder zombie (D:5)
  A dart slug (D:2)
  38 orcs
  3 bats
  2 endoplasms
  A giant cockroach (D:3)
  4 goblins
  4 hobgoblins
  8 jackals (D:3)
  A quokka (D:3)
  12 ball pythons
  5 frilled lizards
  4 gnoll skeletons (Ossuary)
  22 kobolds
  4 kobold skeletons (Ossuary)
  A quokka skeleton (D:4)
  3 rats
  11 rat skeletons (Ossuary)
407 creatures vanquished.

Vanquished Creatures (collateral kills)
  A hydra (Lair:6)
  3 elephants (Lair:6)
  A rime drake (Lair:6)
  2 komodo dragons
  A dream sheep (Lair:4)
  A wyvern (Lair:6)
  4 yaks
  A basilisk (Lair:6)
  4 steam dragons (Lair:6)
  A water moccasin (Lair:6)
  A bullfrog (Lair:4)
20 creatures vanquished.

Vanquished Creatures (others)
  A rime drake (Lair:6)
  An orc (D:8)
  22 fungi
  44 plants
68 creatures vanquished.

Grand Total: 495 creatures vanquished

Notes
Turn   | Place    | Note
-------+----------+-------------------------------------------
     0 | D:1      | CmdrRubz the Minotaur Berserker began the quest for the
                  | Orb.
     0 | D:1      | Reached XP level 1. HP: 19/19 MP: 0/0
   574 | D:1      | Reached XP level 2. HP: 22/27 MP: 1/1
  1256 | D:2      | Reached XP level 3. HP: 33/33 MP: 2/2
  1825 | D:3      | Reached ** piety under Trog
  1930 | D:3      | Found a sparkling altar of Nemelex Xobeh.
  1954 | D:3      | Reached XP level 4. HP: 39/41 MP: 3/3
  2067 | D:3      | Found a faded altar of an unknown god.
  2098 | D:3      | Found a runed translucent door.
  2106 | D:3      | Noticed nxtlvl's ghost (amateur DEMo)
  2114 | D:3      | Killed nxtlvl's ghost
  2115 | D:3      | Reached XP level 5. HP: 47/47 MP: 4/4
  2220 | D:3      | Found a basalt altar of Yredelemnul.
  2278 | D:3      | Reached skill level 5 in Axes
  2447 | D:3      | Reached skill level 5 in Fighting
  2718 | D:4      | Found a glowing golden altar of the Shining One.
  2841 | D:4      | Reached XP level 6. HP: 45/56 MP: 5/5
  3080 | D:4      | Reached *** piety under Trog
  3200 | D:4      | Found an opulent altar of Gozag.
  4192 | D:5      | Entered Level 5 of the Dungeon
  4218 | D:5      | Found a shimmering blue altar of Sif Muna.
  4219 | D:5      | Found a shimmering altar of Xom.
  4219 | D:5      | Found an iron altar of Okawaru.
  4221 | D:5      | Found a radiant altar of Vehumet.
  4238 | D:5      | Reached XP level 7. HP: 59/62 MP: 6/6
  4426 | D:5      | Reached skill level 5 in Armour
  4517 | D:5      | Found a shadowy altar of Dithmenos.
  4750 | D:5      | Identified the amulet "Ucry" {RegenMP rC+ Str+3 Int-2
                  | Dex+2}
  4800 | D:5      | Reached skill level 5 in Dodging
  5096 | D:5      | Found an ornate altar of the Wu Jian Council.
  5148 | D:5      | Reached XP level 8. HP: 60/71 MP: 7/7
  6150 | D:6      | Reached **** piety under Trog
  6465 | D:6      | Reached skill level 1 in Maces & Flails
  6739 | D:6      | HP: 3/73 [poisoned by a water moccasin]
  7040 | D:6      | Noticed Blork the orc
  7043 | D:6      | Killed Blork the orc
  7044 | D:6      | Reached skill level 2 in Maces & Flails
  7044 | D:6      | Reached XP level 9. HP: 78/81 MP: 8/8
  7224 | D:6      | Identified the +1 buckler of Togoudih {rCorr Int+6 Dex-4}
  7704 | D:7      | Reached skill level 3 in Maces & Flails
  7704 | D:7      | Paralysed by a hornet for 2 turns
  7768 | D:7      | Reached skill level 4 in Maces & Flails
  7991 | D:7      | Reached skill level 1 in Shields
  7992 | D:7      | Found a staircase to the Ecumenical Temple.
  7998 | D:7      | Identified the +8 plate armour of Negligence {rC+ Regen+}
  8058 | D:7      | Found a snail-covered altar of Cheibriados.
  8307 | D:7      | Reached skill level 5 in Maces & Flails
  8567 | D:8      | Reached skill level 6 in Maces & Flails
  8678 | D:8      | Reached XP level 10. HP: 91/91 MP: 9/9
  9030 | D:8      | Found a sand-covered staircase.
  9037 | Ossuary  | Entered an ossuary
  9172 | Ossuary  | Reached ***** piety under Trog
  9378 | D:8      | Found Aturim's Distillery.
  9576 | D:8      | Bought 2 potions of heal wounds for 110 gold pieces
  9790 | D:9      | Found a runed translucent gate.
  9790 | D:9      | Found a runed translucent gate.
  9790 | D:9      | Noticed ChodeyFoster420's ghost (novice MiBe)
  9792 | D:9      | Found a runed translucent gate.
  9807 | D:9      | Killed ChodeyFoster420's ghost
  9808 | D:9      | Reached skill level 7 in Maces & Flails
  9919 | D:9      | Identified the +1 ring mail of Existentialism {rPois rCorr
                  | Dex+4}
 10064 | D:9      | Reached skill level 8 in Maces & Flails
 10185 | D:9      | Found a blossoming altar of Fedhas.
 10208 | D:9      | Reached skill level 5 in Shields
 10297 | D:9      | Found a staircase to the Lair.
 10474 | Lair:1   | Entered Level 1 of the Lair of Beasts
 10474 | Lair:1   | Noticed a cane toad
 10481 | Lair:1   | Killed a cane toad
 10500 | Lair:1   | Reached skill level 10 in Fighting
 10536 | Lair:1   | Noticed a cane toad
 10544 | Lair:1   | Killed a cane toad
 10545 | Lair:1   | Reached skill level 9 in Maces & Flails
 10545 | Lair:1   | Reached XP level 11. HP: 67/99 MP: 10/10
 11276 | Lair:2   | Reached skill level 10 in Armour
 11413 | Lair:2   | Reached skill level 10 in Maces & Flails
 11434 | Lair:2   | Reached ****** piety under Trog
 11553 | Lair:2   | Found a staircase to the Shoals.
 11594 | Shoals:1 | Entered Level 1 of the Shoals
 11766 | Lair:2   | Reached skill level 11 in Maces & Flails
 12057 | Lair:3   | Found a shimmering altar of Xom.
 12250 | Lair:3   | Reached XP level 12. HP: 110/110 MP: 11/11
 12277 | Lair:3   | Reached skill level 10 in Dodging
 12379 | Lair:3   | Found a staircase to the Snake Pit.
 12455 | Lair:3   | Noticed an eight-headed hydra
 12471 | Lair:3   | Killed an eight-headed hydra
 12473 | Lair:3   | Reached skill level 12 in Maces & Flails
 12503 | Lair:3   | Upgraded the game from 0.27.1-1-g398f81649c to
                  | 0.27.1-2-g3b301248ec
 12727 | Lair:3   | Reached skill level 1 in Throwing
 12731 | Lair:3   | Identified the +4 mace "Gianomp" {flame, rCorr} (Trog
                  | gifted it to you on level 3 of the Lair of Beasts)
 12731 | Lair:3   | Received a gift from Trog
 12933 | Lair:3   | Noticed a seven-headed hydra
 12937 | Lair:3   | Killed a seven-headed hydra
 13537 | Lair:4   | Noticed a six-headed hydra
 13548 | Lair:4   | Killed a six-headed hydra
 13549 | Lair:4   | Reached XP level 13. HP: 117/117 MP: 12/12
 13553 | Lair:4   | Reached skill level 13 in Maces & Flails
 14119 | Lair:5   | You fall into a shaft and drop 1 floor!
 14119 | Lair:6   | Entered Level 6 of the Lair of Beasts
 14143 | Lair:6   | Received a gift from Trog
 14388 | Lair:6   | Found a staircase to the Slime Pits.
 14478 | Lair:6   | Reached skill level 14 in Maces & Flails
 14483 | Lair:6   | Noticed a fire dragon
 14494 | Lair:6   | Slain by a death yak

Illustrated notes

Levels and vault maps discovered:
D:1:      saegor_arrival_simple_e, layout_basic
D:2:      layout_loops_corners, grunt_ministairs_12
D:3:      layout_basic, lemuel_tele_altar, mainiacjoe_overflow_paths,
          hellmonk_ecumenical_altar_defaced_shrine,
          ebering_ghost_reflecting_pool, saegor_snake_ambush
D:4:      layout_basic, mainiacjoe_overflow_24_doors,
          nicolae_tso_carved_into_rock, minmay_misc_feat_ornament,
          serial_bayou_lake_a
D:5:      minmay_general_purpose_star, layout_basic,
          pdpol_wu_jian_five_deadly_venoms, grunt_temple_overflow_open,
          abandoned_shop
D:6:      layout_layer_cave, lexackson_kobold_supper, uniq_blork_the_orc
D:7:      layout_basic, slow_altar_1, temple_fountains
D:8:      cheibrodos_steamvent, layout_loops_ring, serial_shops,
          nicolae_inconvenience_store, chequers_ossuary_entry_cave,
          minmay_starry_boxes
D:9:      layout_roguey, old_standard_altar, lair_entry_dummy,
          biasface_ghost_orc_armoury
Lair:1:   layout_gridlike, serial_bayou_shore_b, lemuel_fruit_tree,
          serial_bayou_shore_a
Lair:2:   layout_chaotic_city, minmay_shoals_entry_centaurs, ldierk_geyser
Lair:3:   layout_small_grid, minmay_snake_entry_guardpost_medium, basic_altar,
          beast_lair_carwin_2, grunt_megastairs_4
Lair:4:   layout_regular_city
Lair:5:   layout_roguey, infiniplex_staircase_pool
Lair:6:   hangedman_lair_tendril_chambers, layout_regular_city,
          minmay_slime_entry_eyes, st_stairs_11, bobbens_dragon_lair_wall
Shoals:1: layout_shoals, uniq_roxanne

Skill      XL: |  1  2  3  4  5  6  7  8  9 10 11 12 13 |
---------------+----------------------------------------+-----
Axes           | 4 5 6 7 |  7.8
Fighting       | 4 5 6 7 9 10 11 12 | 12.5
Armour         | 3 4 6 7 8 9 10 11 12 | 12.3
Dodging        | 3 4 5 6 7 8 9 10 11 | 11.3
Maces & Flails | 2 6 9 11 12 14 | 14.0
Shields        | 3 5 7 8 9 |  9.9
Throwing       | 2 4 |  4.6
Stealth        | |  0.2

Action                   |  1- 3 |  4- 6 |  7- 9 | 10-12 | 13-15 || total
-------------------------+-------+-------+-------+-------+-------++-------
Melee: Hand axe          |    58 |   120 |   120 |       |       ||   298
       Headbutt          |     7 |    26 |    37 |   112 |    76 ||   258
       Morningstar       |       |       |    88 |   488 |       ||   576
       Mace              |       |       |       |    68 |   201 ||   269
Throw: Boomerang         |       |       |       |    37 |    16 ||    53
Invok: Berserk           |       |     4 |     5 |     5 |     3 ||    17
       Trog's Hand       |       |       |     1 |       |       ||     1
       Brothers in Arms  |       |       |       |     1 |     3 ||     4
  Use: Potion            |       |       |       |       |     5 ||     5
       Scroll            |       |       |       |       |     4 ||     4
 Stab: Sleeping          |     1 |       |       |       |       ||     1
Armor: Scale mail        |    23 |    34 |    75 |       |       ||   132
       Plate armour      |       |       |    50 |   321 |   173 ||   544
Dodge: Dodged            |    26 |    64 |   145 |   201 |   146 ||   582
Block: Buckler           |       |       |    14 |    93 |    99 ||   206
